Punishers vs Sasquatch (R1)

Created - 15 septembre 2014 at 19:04

Simulating a Pre-Season

Goals
1 2 3 OT1 SO T
Punishers 3 1 0 0 1 5
Sasquatch 3 0 1 0 0 4
Shots
1 2 3 OT1 SO T
Punishers 10 9 4 1 6 24
Sasquatch 9 16 10 0 6 35

1st period

1. Punishers , Éric Perrin 4 (Tanner Glass, Mark Fraser) at 11:10
2. Sasquatch , D.J King 4 (Derek Stepan, Jakub Voracek) at 11:20
3. Sasquatch , D.J King 5 (Jakub Voracek, Derek Stepan) at 11:34
4. Punishers , Tanner Glass 6 (Mark Fraser, Éric Perrin) at 12:01
5. Sasquatch , Jakub Voracek 7 (Joe Corvo) at 12:23
6. Punishers , Éric Perrin 5 (Tanner Glass) at 16:52 (PP)

Penalties :
Keith Yandle (Gat) for Hooking (Minor) at 13:20, Matt Niskanen (Gat) for Hooking (Minor) at 16:12, Stephane Da Costa (Gat) for Tripping (Minor) at 18:12

2nd period

7. Punishers , Keaton Ellerby 1 (Éric Perrin, Adam Pineault) at 11:27 (PP)

Penalties :
Ryan O'Reilly (Gat) for Interference (Minor) at 11:11, Radek Smolenak (Pro) for Interference (Minor) at 13:39, Keaton Ellerby (Pro) for Diving (Minor) at 16:57

3rd period

8. Sasquatch , Derek Stepan 2 (Jakub Voracek) at 3:16 (PP)

Penalties :
Philippe Paradis (Pro) for Interference (Minor) at 3:14

Overtime #1

No Goal

Penalties :
No Penalty

Shootout

Penalty Shot by Mike Grier for Punishers - Shot Misses the Net
Penalty Shot by Cam Atkinson for Sasquatch - Stopped by Kevin Poulin
Penalty Shot by Éric Perrin for Punishers - Stopped by Anders Lindback
Penalty Shot by Oskar Osala for Sasquatch - Stopped by Kevin Poulin
Penalty Shot by Erik Condra for Punishers - Shot Misses the Net
Penalty Shot by T.J. Oshie for Sasquatch - Stopped by Kevin Poulin
Penalty Shot by Adam Pineault for Punishers - Stopped by Anders Lindback
Penalty Shot by Brandon Bochenski for Sasquatch - Shot Misses the Net
Penalty Shot by Radek Smolenak for Punishers - Stopped by Anders Lindback
Penalty Shot by Jakub Voracek for Sasquatch - Shot Misses the Net
Penalty Shot by Mark Fraser for Punishers - Goal!
Penalty Shot by Joe Corvo for Sasquatch - Shot Misses the Net

Penalties :
No Penalty

Goalie Stats

Kevin Poulin (Pro), 31 saves from 35 shots - (0,886), W, 1-0-0, 65:00 minutes
Anders Lindback (Gat), 20 saves from 24 shots - (0,833), OTL, 0-0-2, 65:00 minutes

Players Stats for Punishers

Player Name              G  A  P  +/- PIM S  H  SB GA TA FO     MP     PP MP  PK MP  
------------------------------------------------------------------------------------
Adam McQuaid             0  0  0   0  0   0  2  1  0  1  0/0    22:08   2:52   1:50 
Adam Pineault            0  1  1   0  0   4  1  0  1  0  3/6    24:14   2:25   0:07 
Brandon McMillan         0  0  0   0  0   2  1  0  1  0  3/11   16:03   0:00   1:33 
Casey Cizikas            0  0  0  -1  0   1  3  0  1  0  4/12   19:04   1:45   1:41 
Dainius Zubrus           0  0  0  -1  0   0  0  0  1  0  0/0     3:57   0:00   0:00 
Éric Perrin              2  2  4   0  0   4  2  0  1  1  13/24  24:25   2:54   1:58 
Erik Condra              0  0  0   1  0   0  0  0  0  0  0/0    17:13   0:59   0:00 
Jean-François Jacques    0  0  0   0  0   0  2  1  0  1  0/0    14:00   0:00   1:33 
Keaton Ellerby           1  0  1  -1  2   1  0  1  2  1  0/0    28:16   2:17   1:18 
Lance Bouma              0  0  0   0  0   0  0  0  0  0  0/0     3:27   0:00   0:00 
Mark Fraser              0  2  2  -1  0   0  0  2  0  0  0/0    29:22   2:17   2:30 
Mike Grier               0  0  0  -1  0   3  3  1  1  0  0/0    17:14   1:45   0:00 
Mike Weber               0  0  0   0  0   2  1  0  0  0  0/0    21:26   2:37   1:30 
Philippe Paradis         0  0  0   0  2   0  1  0  0  0  1/1    10:26   0:00   0:46 
Radek Smolenak           0  0  0  -1  2   4  1  0  0  1  0/1    17:17   1:45   0:22 
Simon Despres            0  0  0   0  0   0  1  0  0  0  0/0    14:22   0:00   0:52 
Tanner Glass             1  2  3   0  0   3  0  0  2  0  2/2    12:53   2:54   0:00 
Zach Jones               0  0  0   0  0   0  1  1  0  1  0/0    13:19   0:00   0:00 

Players Stats for Sasquatch

Player Name              G  A  P  +/- PIM S  H  SB GA TA FO     MP     PP MP  PK MP  
------------------------------------------------------------------------------------
Brandon Bochenski        0  0  0  -1  0   2  2  0  1  0  1/1    12:56   0:00   0:00 
Cam Atkinson             0  0  0   0  0   0  2  0  0  0  0/0     9:52   0:00   0:46 
D.J King                 2  0  2   3  0   7  1  0  0  0  1/2    22:19   2:13   2:55 
Derek Stepan             1  2  3   3  0   5  1  0  0  0  16/29  21:13   2:13   0:00 
Jake Gardiner            0  0  0  -1  0   4  1  0  1  2  0/0    27:29   2:16   2:51 
Jakub Voracek            1  3  4   3  0   5  1  1  2  0  2/3    21:29   2:13   0:00 
Joe Corvo                0  1  1   2  0   0  3  0  1  2  0/0    23:03   2:16   3:13 
Keith Yandle             0  0  0  -1  2   2  1  1  1  1  0/0    25:20   1:44   0:57 
Kyle Clifford            0  0  0  -1  0   1  6  0  0  1  0/0    12:13   0:00   0:52 
Matt Beleskey            0  0  0   0  0   2  3  0  0  0  0/0     8:34   0:00   0:00 
Matt Donovan             0  0  0   0  0   1  0  0  0  0  0/0    16:17   0:00   0:53 
Matt Niskanen            0  0  0   3  2   0  2  2  0  1  0/0    23:51   1:44   1:54 
Oskar Osala              0  0  0  -1  0   1  2  1  0  0  0/0    16:49   1:47   1:07 
Ryan O'Reilly            0  0  0  -1  2   0  1  0  0  0  2/3    14:22   0:00   1:23 
Stephane Da Costa        0  0  0   0  2   1  1  0  0  1  0/0     9:51   0:00   0:00 
T.J. Oshie               0  0  0  -1  0   3  1  0  0  1  0/3    17:21   1:47   0:00 
Tyler Johnson            0  0  0  -1  0   1  2  1  0  1  9/16   18:43   1:47   2:45 
Yann Sauvé               0  0  0  -1  0   0  4  1  0  0  0/0    13:20   0:00   0:00 

3 Stars

1 - Jakub Voracek (Gat)
2 - Éric Perrin (Pro)
3 - D.J King (Gat)

Power Play

Punishers - 2 on 4 Attempt(s) - 50,00%
Sasquatch - 1 on 3 Attempt(s) - 33,33%

Penalty Kill

Punishers - 2 on 3 Attempt(s) - 66,67% - Score 0 goal in Penalty Kill
Sasquatch - 2 on 4 Attempt(s) - 50,00% - Score 0 goal in Penalty Kill

Official

Referees : Meier Brad and Dwyer Gord
Linesman : Derek Amell and Mark Pare

Game Notes

Dainius Zubrus is injured at 11:49 of 1st period (Herniated Disc)
Tanner Glass is injured at 12:50 of 2nd period (Right Ankle)

Punishers

5 vs 5 Forward 
   Center                   Left Wing                Right Wing               Time % Phy DF OF 
 1 Éric Perrin              Tanner Glass             Dainius Zubrus           40     1   2  2  
 2 Casey Cizikas            Radek Smolenak           Mike Grier               30     1   2  2  
 3 Brandon McMillan         Jean-François Jacques    Adam Pineault            20     1   2  2  
 4 Philippe Paradis         Dainius Zubrus           Erik Condra              10     1   2  2  

5 vs 5 Defense 
   Defense                  Defense                                           Time % Phy DF OF 
 1 Keaton Ellerby           Mark Fraser                                       40     1   2  2  
 2 Mike Weber               Adam McQuaid                                      30     1   2  2  
 3 Zach Jones               Simon Despres                                     20     1   2  2  
 4 Keaton Ellerby           Mark Fraser                                       10     1   2  2  

PowerPlay Forward 
   Center                   Left Wing                Right Wing               Time % Phy DF OF 
 1 Éric Perrin              Tanner Glass             Dainius Zubrus           60     1   2  2  
 2 Casey Cizikas            Radek Smolenak           Mike Grier               40     1   2  2  

PowerPlay Defense
   Defense                  Defense                                           Time % Phy DF OF 
 1 Keaton Ellerby           Mark Fraser                                       60     1   2  2  
 2 Mike Weber               Adam McQuaid                                      40     1   2  2  

Penalty Kill 4 Players Forward 
   Center                   Wing                     Time % Phy DF OF 
 1 Dainius Zubrus           Éric Perrin              60     1   2  2  
 2 Tanner Glass             Mike Grier               40     1   2  2  

Penalty Kill 4 Players Defense
   Defense                  Defense                  Time % Phy DF OF 
 1 Keaton Ellerby           Mark Fraser              60     1   2  2  
 2 Mike Weber               Adam McQuaid             40     1   2  2  

Penalty Kill - 3 Players Forward 
   Forward                                           Time % Phy DF OF 
 1 Dainius Zubrus                                    60     1   2  2  
 2 Éric Perrin                                       40     1   2  2  

Penalty Kill - 3 Players Defense
   Defense                  Defense                  Time % Phy DF OF 
 1 Keaton Ellerby           Mark Fraser              60     1   2  2  
 2 Mike Weber               Adam McQuaid             40     1   2  2  

4 vs 4 Forward 
   Center                   Wing                     Time % Phy DF OF 
 1 Dainius Zubrus           Éric Perrin              60     1   2  2  
 2 Tanner Glass             Mike Grier               40     1   2  2  

4 vs 4 Defense
   Defense                  Defense                  Time % Phy DF OF 
 1 Keaton Ellerby           Mark Fraser              60     1   2  2  
 2 Mike Weber               Adam McQuaid             40     1   2  2  

Last Minutes Offensive
   Center                   Left Wing                Right Wing               Defense                  Defense                  
   Éric Perrin              Tanner Glass             Dainius Zubrus           Keaton Ellerby           Mark Fraser              

Last Minutes Defensive
   Center                   Left Wing                Right Wing               Defense                  Defense                  
   Éric Perrin              Tanner Glass             Dainius Zubrus           Keaton Ellerby           Mark Fraser              

Goaltenders
Starting : Kevin Poulin             
Backup : Anton Khudobin           

Extra Forwards
Normal : Adam Pineault, Erik Condra, Brandon McMillan - PP : Adam Pineault, Erik Condra - PK : Brandon McMillan
Extra Defensemen
Normal : Zach Jones, Simon Despres, Mike Weber - PP : Zach Jones - PK : Simon Despres, Mike Weber
Penalty Shots
Dainius Zubrus, Éric Perrin, Tanner Glass, Mike Grier, Adam Pineault

Sasquatch

5 vs 5 Forward 
   Center                   Left Wing                Right Wing               Time % Phy DF OF 
 1 Derek Stepan             D.J King                 Jakub Voracek            40     1   2  2  
 2 Tyler Johnson            Oskar Osala              T.J. Oshie               30     1   2  2  
 3 Ryan O'Reilly            Kyle Clifford            Brandon Bochenski        20     1   2  2  
 4 Stephane Da Costa        Matt Beleskey            Cam Atkinson             10     1   2  2  

5 vs 5 Defense 
   Defense                  Defense                                           Time % Phy DF OF 
 1 Keith Yandle             Jake Gardiner                                     40     1   2  2  
 2 Matt Donovan             Matt Niskanen                                     30     1   2  2  
 3 Yann Sauvé               Joe Corvo                                         20     1   2  2  
 4 Joe Corvo                Matt Niskanen                                     10     1   2  2  

PowerPlay Forward 
   Center                   Left Wing                Right Wing               Time % Phy DF OF 
 1 Derek Stepan             D.J King                 Jakub Voracek            60     1   2  2  
 2 Tyler Johnson            Oskar Osala              T.J. Oshie               40     1   2  2  

PowerPlay Defense
   Defense                  Defense                                           Time % Phy DF OF 
 1 Joe Corvo                Jake Gardiner                                     60     1   2  2  
 2 Keith Yandle             Matt Niskanen                                     40     1   2  2  

Penalty Kill 4 Players Forward 
   Center                   Wing                     Time % Phy DF OF 
 1 Tyler Johnson            D.J King                 60     1   2  2  
 2 Ryan O'Reilly            Oskar Osala              40     1   2  2  

Penalty Kill 4 Players Defense
   Defense                  Defense                  Time % Phy DF OF 
 1 Joe Corvo                Jake Gardiner            60     1   2  2  
 2 Keith Yandle             Matt Niskanen            40     1   2  2  

Penalty Kill - 3 Players Forward 
   Forward                                           Time % Phy DF OF 
 1 Tyler Johnson                                     60     1   2  2  
 2 T.J. Oshie                                        40     1   2  2  

Penalty Kill - 3 Players Defense
   Defense                  Defense                  Time % Phy DF OF 
 1 Joe Corvo                Yann Sauvé               60     1   2  2  
 2 Keith Yandle             Matt Donovan             40     1   2  2  

4 vs 4 Forward 
   Center                   Wing                     Time % Phy DF OF 
 1 Derek Stepan             Jakub Voracek            60     1   2  2  
 2 Ryan O'Reilly            T.J. Oshie               40     1   2  2  

4 vs 4 Defense
   Defense                  Defense                  Time % Phy DF OF 
 1 Joe Corvo                Jake Gardiner            60     1   2  2  
 2 Keith Yandle             Matt Niskanen            40     1   2  2  

Last Minutes Offensive
   Center                   Left Wing                Right Wing               Defense                  Defense                  
   Derek Stepan             D.J King                 Jakub Voracek            Joe Corvo                Jake Gardiner            

Last Minutes Defensive
   Center                   Left Wing                Right Wing               Defense                  Defense                  
   Tyler Johnson            D.J King                 T.J. Oshie               Joe Corvo                Jake Gardiner            

Goaltenders
Starting : Anders Lindback          
Backup : Jonas Gustavsson         

Extra Forwards
Normal : Brandon Bochenski, Stephane Da Costa, Cam Atkinson - PP : Brandon Bochenski, Stephane Da Costa - PK : Cam Atkinson
Extra Defensemen
Normal : Yann Sauvé, Joe Corvo, Matt Donovan - PP : Yann Sauvé - PK : Matt Niskanen, Matt Donovan
Penalty Shots
Cam Atkinson, Oskar Osala, T.J. Oshie, Brandon Bochenski, Jakub Voracek

% Time on Ice - Punishers

Lines # - Real PCT - Wanted PCT - Time Play
Normal Forward
1 - 51% - 40% - 25:55
2 - 23% - 30% - 11:52
3 - 14% - 20% - 7:21
4 - 12% - 10% - 5:58
Normal Defense
1 - 41% - 40% - 21:01
2 - 29% - 30% - 15:03
3 - 24% - 20% - 12:30
4 - 5% - 10% - 2:32
PP Forward
1 - 64% - 60% - 3:09
2 - 36% - 40% - 1:45
PP Defense
1 - 47% - 60% - 2:17
2 - 53% - 40% - 2:37
PK Forward
1 - 100% - 60% - 4:00
2 - 0% - 40% - 0:00
PK Defense
1 - 66% - 60% - 2:38
2 - 34% - 40% - 1:22
PK3 Forward
1 - 0% - 60%
2 - 0% - 40%
PK3 Defense
1 - 0% - 60%
2 - 0% - 40%
44 Forward
1 - 100% - 60% - 5:00
2 - 0% - 40% - 0:00
44 Defense
1 - 58% - 60% - 2:53
2 - 42% - 40% - 2:07
Last Minute Offensive  - 0:00
Last Minute Defensive  - 0:00
Total
Forward - 65:00
Defense - 65:00

% Time on Ice - Sasquatch

Lines # - Real PCT - Wanted PCT - Time Play
Normal Forward
1 - 33% - 40% - 16:43
2 - 28% - 30% - 14:28
3 - 22% - 20% - 11:21
4 - 17% - 10% - 8:34
Normal Defense
1 - 37% - 40% - 19:06
2 - 32% - 30% - 16:11
3 - 23% - 20% - 11:58
4 - 8% - 10% - 3:51
PP Forward
1 - 55% - 60% - 2:13
2 - 45% - 40% - 1:47
PP Defense
1 - 57% - 60% - 2:16
2 - 43% - 40% - 1:44
PK Forward
1 - 77% - 60% - 3:47
2 - 23% - 40% - 1:07
PK Defense
1 - 58% - 60% - 2:51
2 - 42% - 40% - 2:03
PK3 Forward
1 - 0% - 60%
2 - 0% - 40%
PK3 Defense
1 - 0% - 60%
2 - 0% - 40%
44 Forward
1 - 68% - 60% - 3:23
2 - 32% - 40% - 1:37
44 Defense
1 - 57% - 60% - 2:51
2 - 43% - 40% - 2:09
Last Minute Offensive  - 0:00
Last Minute Defensive  - 0:00
Total
Forward - 65:00
Defense - 65:00

Play by Play

1st period


0:01 of 1st period - Tanner Glass wins face-off versus Derek Stepan in neutral zone.
0:06 of 1st period - Wrist shot by Éric Perrin.
0:06 of 1st period - Stopped by Anders Lindback with a rebound.
0:11 of 1st period - Off-side.
0:12 of 1st period - Casey Cizikas wins face-off versus Tyler Johnson in neutral zone.
0:17 of 1st period - Snap shot by Radek Smolenak.
0:17 of 1st period - Stopped by Anders Lindback without a rebound.
0:18 of 1st period - Tyler Johnson wins face-off versus Casey Cizikas in Sasquatch zone.
0:50 of 1st period - Kyle Clifford is hit by Brandon McMillan and loses puck.
1:25 of 1st period - Dainius Zubrus is hit by Cam Atkinson and loses puck.
2:37 of 1st period - Radek Smolenak is hit by Kyle Clifford.
4:58 of 1st period - Mark Fraser is hit by Joe Corvo and loses puck.
5:15 of 1st period - Zach Jones is hit by Jake Gardiner and loses puck.
5:43 of 1st period - Philippe Paradis is hit by Yann Sauvé.
5:52 of 1st period - Mike Weber is hit by Kyle Clifford and loses puck.
6:03 of 1st period - D.J King is hit by Mike Grier and loses puck.
6:10 of 1st period - Radek Smolenak is hit by Matt Niskanen and loses puck.
6:21 of 1st period - Matt Niskanen is hit by Adam McQuaid and loses puck.
6:32 of 1st period - Keaton Ellerby is hit by Oskar Osala and loses puck.
7:12 of 1st period - Wrist shot by Jakub Voracek.
7:12 of 1st period - Stopped by Kevin Poulin without a rebound.
7:13 of 1st period - D.J King wins face-off versus Adam Pineault in Punishers zone.
7:40 of 1st period - Simon Despres is hit by Joe Corvo and loses puck.
8:41 of 1st period - Snap shot by Brandon Bochenski.
8:41 of 1st period - Shot Misses the Net.
8:43 of 1st period - Slapshot by Matt Niskanen.
8:43 of 1st period - Shot Blocked by Adam McQuaid.
8:45 of 1st period - Snap shot by Matt Donovan.
8:45 of 1st period - Stopped by Kevin Poulin with a rebound.
9:23 of 1st period - Snap shot by D.J King.
9:23 of 1st period - Stopped by Kevin Poulin with a rebound.
10:13 of 1st period - Dainius Zubrus is hit by Jakub Voracek and loses puck.
10:30 of 1st period - Snap shot by Éric Perrin.
10:30 of 1st period - Shot Misses the Net.
10:32 of 1st period - Snap shot by Tanner Glass.
10:32 of 1st period - Deflect By Éric Perrin.
10:32 of 1st period - Shot Misses the Net.
10:32 of 1st period - Puck is out of play.
10:33 of 1st period - Derek Stepan wins face-off versus Éric Perrin in Sasquatch zone.
11:08 of 1st period - Snap shot by Tanner Glass.
11:08 of 1st period - Stopped by Anders Lindback with a rebound.
11:10 of 1st period - Snap shot by Éric Perrin.
11:10 of 1st period - Goal by Éric Perrin - Punishers : 1 - Sasquatch : 0.
11:11 of 1st period - Derek Stepan wins face-off versus Casey Cizikas in neutral zone.
11:16 of 1st period - Wrist shot by D.J King.
11:16 of 1st period - Shot Misses the Net.
11:18 of 1st period - Snap shot by Derek Stepan.
11:18 of 1st period - Shot Misses the Net.
11:20 of 1st period - Snap shot by D.J King.
11:20 of 1st period - Goal by D.J King - Punishers : 1 - Sasquatch : 1.
11:21 of 1st period - Éric Perrin wins face-off versus Derek Stepan in neutral zone.
11:34 of 1st period - Snap shot by D.J King.
11:34 of 1st period - Goal by D.J King - Punishers : 1 - Sasquatch : 2.
11:35 of 1st period - Éric Perrin wins face-off versus Derek Stepan in neutral zone.
11:48 of 1st period - Dainius Zubrus is hit by Keith Yandle and loses puck.
11:49 of 1st period - Dainius Zubrus from Punishers is injured at 11:49 of 1st period (Herniated Disc).
11:50 of 1st period - Éric Perrin wins face-off versus T.J. Oshie in Punishers zone.
11:57 of 1st period - Snap shot by Tanner Glass.
11:57 of 1st period - Shot Misses the Net.
11:59 of 1st period - Slapshot by Mark Fraser.
11:59 of 1st period - Shot Blocked by Keith Yandle.
12:01 of 1st period - Snap shot by Tanner Glass.
12:01 of 1st period - Goal by Tanner Glass - Punishers : 2 - Sasquatch : 2.
12:02 of 1st period - Derek Stepan wins face-off versus Éric Perrin in neutral zone.
12:07 of 1st period - Snap shot by D.J King.
12:07 of 1st period - Stopped by Kevin Poulin without a rebound.
12:08 of 1st period - Éric Perrin wins face-off versus Derek Stepan in Punishers zone.
12:23 of 1st period - Wrist shot by Jakub Voracek.
12:23 of 1st period - Goal by Jakub Voracek - Punishers : 2 - Sasquatch : 3.
12:24 of 1st period - Tanner Glass wins face-off versus T.J. Oshie in neutral zone.
12:33 of 1st period - Snap shot by Éric Perrin.
12:33 of 1st period - Stopped by Anders Lindback without a rebound.
12:34 of 1st period - Tyler Johnson wins face-off versus Éric Perrin in Sasquatch zone.
12:43 of 1st period - Tanner Glass is hit by Oskar Osala and loses puck.
13:16 of 1st period - Wrist shot by Adam Pineault.
13:16 of 1st period - Stopped by Anders Lindback with a rebound.
13:18 of 1st period - Slapshot by Tanner Glass.
13:18 of 1st period - Shot Misses the Net.
13:20 of 1st period - Minor Penalty to Keith Yandle for Hooking.
13:21 of 1st period - Tyler Johnson wins face-off versus Casey Cizikas in Sasquatch zone.
13:21 of 1st period - Tyler Johnson is hit by Radek Smolenak.
13:37 of 1st period - Snap shot by Mike Grier.
13:37 of 1st period - Shot Blocked by Tyler Johnson.
14:10 of 1st period - Éric Perrin is hit by D.J King.
15:14 of 1st period - Icing by Adam Pineault.
15:15 of 1st period - Adam Pineault wins face-off versus Ryan O'Reilly in Punishers zone.
15:20 of 1st period - Penalty to Keith Yandle is over, Keith Yandle is back on ice.
15:21 of 1st period - Icing by Adam Pineault.
15:22 of 1st period - Derek Stepan wins face-off versus Adam Pineault in Punishers zone.
15:55 of 1st period - Wrist shot by Mike Grier.
15:55 of 1st period - Stopped by Anders Lindback with a rebound.
16:12 of 1st period - Minor Penalty to Matt Niskanen for Hooking.
16:13 of 1st period - Éric Perrin wins face-off versus Tyler Johnson in Sasquatch zone.
16:19 of 1st period - Wrist shot by Tanner Glass.
16:19 of 1st period - Shot Misses the Net.
16:21 of 1st period - Snap shot by Mike Weber.
16:21 of 1st period - Stopped by Anders Lindback without a rebound.
16:22 of 1st period - Tyler Johnson wins face-off versus Éric Perrin in Sasquatch zone.
16:50 of 1st period - Snap shot by Éric Perrin.
16:50 of 1st period - Shot Misses the Net.
16:52 of 1st period - Snap shot by Éric Perrin.
16:52 of 1st period - Goal by Éric Perrin - Punishers : 3 - Sasquatch : 3.
16:53 of 1st period - Derek Stepan wins face-off versus Casey Cizikas in neutral zone.
17:25 of 1st period - Snap shot by Mike Grier.
17:25 of 1st period - Shot Misses the Net.
17:49 of 1st period - Wrist shot by Keith Yandle.
17:49 of 1st period - Shot Blocked by Keaton Ellerby.
17:53 of 1st period - Slapshot by Keith Yandle.
17:53 of 1st period - Stopped by Kevin Poulin with a rebound.
17:55 of 1st period - Snap shot by Kyle Clifford.
17:55 of 1st period - Stopped by Kevin Poulin with a rebound.
18:12 of 1st period - Minor Penalty to Stephane Da Costa for Tripping.
18:13 of 1st period - Tyler Johnson wins face-off versus Éric Perrin in Sasquatch zone.
18:22 of 1st period - Joe Corvo is hit by Éric Perrin.
18:42 of 1st period - Oskar Osala is hit by Adam McQuaid and loses puck.
Goals for this period are 3 for Punishers vs 3 for Sasquatch.
Shots for this period are 10 for Punishers vs 9 for Sasquatch.

2nd period


0:01 of 2nd period - Tyler Johnson wins face-off versus Éric Perrin in neutral zone.
0:12 of 2nd period - Penalty to Stephane Da Costa is over, Stephane Da Costa is back on ice.
0:26 of 2nd period - Mike Grier is hit by Kyle Clifford and loses puck.
1:02 of 2nd period - Matt Donovan is hit by Mike Weber and loses puck.
1:17 of 2nd period - Snap shot by Mike Grier.
1:17 of 2nd period - Shot Misses the Net.
1:19 of 2nd period - Wrist shot by Radek Smolenak.
1:19 of 2nd period - Stopped by Anders Lindback without a rebound.
1:20 of 2nd period - Casey Cizikas wins face-off versus Tyler Johnson in Sasquatch zone.
1:23 of 2nd period - Wrist shot by Radek Smolenak.
1:23 of 2nd period - Stopped by Anders Lindback with a rebound.
2:03 of 2nd period - Slapshot by Oskar Osala.
2:03 of 2nd period - Shot Misses the Net.
2:05 of 2nd period - Wrist shot by T.J. Oshie.
2:05 of 2nd period - Stopped by Kevin Poulin without a rebound.
2:06 of 2nd period - Derek Stepan wins face-off versus Éric Perrin in Punishers zone.
2:11 of 2nd period - Wrist shot by Jakub Voracek.
2:11 of 2nd period - Shot Misses the Net.
2:15 of 2nd period - Snap shot by Jakub Voracek.
2:15 of 2nd period - Stopped by Kevin Poulin without a rebound.
2:16 of 2nd period - Derek Stepan wins face-off versus Éric Perrin in Punishers zone.
2:31 of 2nd period - Snap shot by Derek Stepan.
2:31 of 2nd period - Stopped by Kevin Poulin without a rebound.
2:32 of 2nd period - Tyler Johnson wins face-off versus Casey Cizikas in Punishers zone.
2:35 of 2nd period - Wrist shot by Oskar Osala.
2:35 of 2nd period - Stopped by Kevin Poulin with a rebound.
2:37 of 2nd period - Snap shot by T.J. Oshie.
2:37 of 2nd period - Deflect By Keaton Ellerby.
2:37 of 2nd period - Stopped by Kevin Poulin with a rebound.
2:44 of 2nd period - Icing by Mark Fraser.
2:45 of 2nd period - Derek Stepan wins face-off versus Casey Cizikas in Punishers zone.
2:52 of 2nd period - Snap shot by Keith Yandle.
2:52 of 2nd period - Shot Misses the Net.
2:54 of 2nd period - Wrist shot by D.J King.
2:54 of 2nd period - Shot Misses the Net.
2:56 of 2nd period - Slapshot by Jake Gardiner.
2:56 of 2nd period - Stopped by Kevin Poulin without a rebound.
2:57 of 2nd period - Éric Perrin wins face-off versus Derek Stepan in Punishers zone.
3:23 of 2nd period - Oskar Osala is hit by Casey Cizikas and loses puck.
3:28 of 2nd period - Snap shot by Mike Grier.
3:28 of 2nd period - Shot Blocked by Oskar Osala.
4:03 of 2nd period - Tanner Glass is hit by Brandon Bochenski and loses puck.
4:08 of 2nd period - Slapshot by Joe Corvo.
4:08 of 2nd period - Shot Misses the Net.
4:10 of 2nd period - Wrist shot by Ryan O'Reilly.
4:10 of 2nd period - Shot Misses the Net.
4:12 of 2nd period - Slapshot by Brandon Bochenski.
4:12 of 2nd period - Stopped by Kevin Poulin without a rebound.
4:13 of 2nd period - Derek Stepan wins face-off versus Casey Cizikas in Punishers zone.
4:22 of 2nd period - Wrist shot by Mike Grier.
4:22 of 2nd period - Shot Blocked by Yann Sauvé.
4:24 of 2nd period - Snap shot by Casey Cizikas.
4:24 of 2nd period - Stopped by Anders Lindback without a rebound.
4:25 of 2nd period - Brandon McMillan wins face-off versus Jakub Voracek in Sasquatch zone.
4:50 of 2nd period - Jakub Voracek is hit by Mike Grier and loses puck.
5:01 of 2nd period - Snap shot by Jakub Voracek.
5:01 of 2nd period - Stopped by Kevin Poulin with a rebound.
5:03 of 2nd period - Snap shot by D.J King.
5:03 of 2nd period - Stopped by Kevin Poulin without a rebound.
5:04 of 2nd period - Tyler Johnson wins face-off versus Éric Perrin in Punishers zone.
5:19 of 2nd period - Snap shot by Tanner Glass.
5:19 of 2nd period - Shot Blocked by Matt Niskanen.
5:54 of 2nd period - Erik Condra is hit by Matt Beleskey and loses puck.
6:21 of 2nd period - Snap shot by Tanner Glass.
6:21 of 2nd period - Stopped by Anders Lindback with a rebound.
6:37 of 2nd period - Zach Jones is hit by Tyler Johnson and loses puck.
6:42 of 2nd period - Snap shot by Oskar Osala.
6:42 of 2nd period - Shot Hit the Post.
7:03 of 2nd period - Icing by Radek Smolenak.
7:04 of 2nd period - Casey Cizikas wins face-off versus Derek Stepan in Punishers zone.
7:35 of 2nd period - Snap shot by Oskar Osala.
7:35 of 2nd period - Shot Blocked by Zach Jones.
7:37 of 2nd period - Slapshot by Tyler Johnson.
7:37 of 2nd period - Stopped by Kevin Poulin with a rebound.
8:21 of 2nd period - Éric Perrin is hit by Yann Sauvé and loses puck.
8:46 of 2nd period - Mark Fraser is hit by Cam Atkinson and loses puck.
8:51 of 2nd period - Snap shot by Cam Atkinson.
8:51 of 2nd period - Shot Misses the Net.
8:53 of 2nd period - Wrist shot by Cam Atkinson.
8:53 of 2nd period - Deflect By Matt Beleskey.
8:53 of 2nd period - Stopped by Kevin Poulin with a rebound.
10:11 of 2nd period - Wrist shot by Cam Atkinson.
10:11 of 2nd period - Shot Misses the Net.
10:27 of 2nd period - Brandon McMillan is hit by Kyle Clifford and loses puck.
10:32 of 2nd period - Wrist shot by Brandon Bochenski.
10:32 of 2nd period - Shot Misses the Net.
10:37 of 2nd period - Icing by Mark Fraser.
10:38 of 2nd period - Philippe Paradis wins face-off versus Derek Stepan in Punishers zone.
10:59 of 2nd period - Keith Yandle is hit by Mike Grier and loses puck.
11:11 of 2nd period - Minor Penalty to Ryan O'Reilly for Interference.
11:12 of 2nd period - Tyler Johnson wins face-off versus Éric Perrin in Sasquatch zone.
11:21 of 2nd period - Wrist shot by Adam Pineault.
11:21 of 2nd period - Stopped by Anders Lindback without a rebound.
11:22 of 2nd period - Éric Perrin wins face-off versus Tyler Johnson in Sasquatch zone.
11:25 of 2nd period - Wrist shot by Éric Perrin.
11:25 of 2nd period - Shot Misses the Net.
11:27 of 2nd period - Wrist shot by Keaton Ellerby.
11:27 of 2nd period - Goal by Keaton Ellerby - Punishers : 4 - Sasquatch : 3.
11:28 of 2nd period - Jakub Voracek wins face-off versus Brandon McMillan in neutral zone.
11:54 of 2nd period - Éric Perrin is hit by T.J. Oshie and loses puck.
12:23 of 2nd period - Snap shot by Mike Grier.
12:23 of 2nd period - Stopped by Anders Lindback without a rebound.
12:24 of 2nd period - Brandon McMillan wins face-off versus Derek Stepan in Sasquatch zone.
12:27 of 2nd period - Wrist shot by Brandon McMillan.
12:27 of 2nd period - Stopped by Anders Lindback with a rebound.
12:29 of 2nd period - Wrist shot by Brandon McMillan.
12:29 of 2nd period - Stopped by Anders Lindback with a rebound.
12:49 of 2nd period - Tanner Glass is hit by Kyle Clifford and loses puck.
12:50 of 2nd period - Tanner Glass from Punishers is injured at 12:50 of 2nd period (Right Ankle).
12:51 of 2nd period - Éric Perrin wins face-off versus Derek Stepan in Punishers zone.
12:54 of 2nd period - Snap shot by Jakub Voracek.
12:54 of 2nd period - Stopped by Kevin Poulin without a rebound.
12:55 of 2nd period - Éric Perrin wins face-off versus D.J King in Punishers zone.
13:02 of 2nd period - Snap shot by Derek Stepan.
13:02 of 2nd period - Shot Misses the Net.
13:04 of 2nd period - Slapshot by Keith Yandle.
13:04 of 2nd period - Stopped by Kevin Poulin without a rebound.
13:05 of 2nd period - Derek Stepan wins face-off versus Éric Perrin in Punishers zone.
13:39 of 2nd period - Minor Penalty to Radek Smolenak for Interference.
13:40 of 2nd period - Derek Stepan wins face-off versus Brandon McMillan in Punishers zone.
13:42 of 2nd period - Wrist shot by Derek Stepan.
13:42 of 2nd period - Deflect By D.J King.
13:42 of 2nd period - Stopped by Kevin Poulin with a rebound.
13:44 of 2nd period - Snap shot by Derek Stepan.
13:44 of 2nd period - Stopped by Kevin Poulin without a rebound.
13:45 of 2nd period - Derek Stepan wins face-off versus Brandon McMillan in Punishers zone.
15:39 of 2nd period - Penalty to Radek Smolenak is over, Radek Smolenak is back on ice.
16:27 of 2nd period - Radek Smolenak is hit by Yann Sauvé.
16:57 of 2nd period - Minor Penalty to Keaton Ellerby for Diving.
16:58 of 2nd period - Derek Stepan wins face-off versus Brandon McMillan in Punishers zone.
16:58 of 2nd period - Snap shot by D.J King.
16:58 of 2nd period - Stopped by Kevin Poulin with a rebound.
17:45 of 2nd period - Tyler Johnson is hit by Jean-François Jacques and loses puck.
18:57 of 2nd period - Penalty to Keaton Ellerby is over, Keaton Ellerby is back on ice.
19:09 of 2nd period - Matt Niskanen is hit by Simon Despres and loses puck.
19:30 of 2nd period - Matt Beleskey is hit by Zach Jones and loses puck.
Goals for this period are 1 for Punishers vs 0 for Sasquatch.
Shots for this period are 9 for Punishers vs 16 for Sasquatch.

3rd period


0:01 of 3rd period - Derek Stepan wins face-off versus Brandon McMillan in neutral zone.
0:01 of 3rd period - Derek Stepan is hit by Jean-François Jacques.
0:13 of 3rd period - Wrist shot by Derek Stepan.
0:13 of 3rd period - Stopped by Kevin Poulin with a rebound.
0:15 of 3rd period - Slapshot by Jake Gardiner.
0:15 of 3rd period - Stopped by Kevin Poulin with a rebound.
0:55 of 3rd period - Backhand shot by T.J. Oshie.
0:55 of 3rd period - Stopped by Kevin Poulin without a rebound.
0:56 of 3rd period - Éric Perrin wins face-off versus Derek Stepan in Punishers zone.
1:18 of 3rd period - Icing by Adam Pineault.
1:19 of 3rd period - Éric Perrin wins face-off versus T.J. Oshie in Punishers zone.
1:24 of 3rd period - Snap shot by Mike Weber.
1:24 of 3rd period - Stopped by Anders Lindback without a rebound.
1:25 of 3rd period - Casey Cizikas wins face-off versus Tyler Johnson in Sasquatch zone.
1:26 of 3rd period - Snap shot by Mike Grier.
1:26 of 3rd period - Deflect By Radek Smolenak.
1:26 of 3rd period - Stopped by Anders Lindback without a rebound.
1:27 of 3rd period - Derek Stepan wins face-off versus Radek Smolenak in Sasquatch zone.
1:34 of 3rd period - Slapshot by Jake Gardiner.
1:34 of 3rd period - Stopped by Kevin Poulin with a rebound.
1:59 of 3rd period - Keaton Ellerby is hit by Tyler Johnson and loses puck.
3:14 of 3rd period - Minor Penalty to Philippe Paradis for Interference.
3:15 of 3rd period - Jakub Voracek wins face-off versus Brandon McMillan in Punishers zone.
3:16 of 3rd period - Slapshot by Derek Stepan.
3:16 of 3rd period - Goal by Derek Stepan - Punishers : 4 - Sasquatch : 4.
3:17 of 3rd period - Brandon McMillan wins face-off versus Derek Stepan in neutral zone.
3:20 of 3rd period - Jakub Voracek is hit by Adam Pineault and loses puck.
3:26 of 3rd period - Icing by Keith Yandle.
3:27 of 3rd period - Derek Stepan wins face-off versus Brandon McMillan in Sasquatch zone.
3:43 of 3rd period - Snap shot by D.J King.
3:43 of 3rd period - Shot Blocked by Mark Fraser.
3:45 of 3rd period - Slapshot by Jake Gardiner.
3:45 of 3rd period - Shot Misses the Net.
3:47 of 3rd period - Wrist shot by D.J King.
3:47 of 3rd period - Shot Misses the Net.
4:02 of 3rd period - Wrist shot by Derek Stepan.
4:02 of 3rd period - Stopped by Kevin Poulin with a rebound.
4:08 of 3rd period - Slapshot by Jakub Voracek.
4:08 of 3rd period - Shot Blocked by Mark Fraser.
4:10 of 3rd period - Slapshot by Jake Gardiner.
4:10 of 3rd period - Shot Blocked by Jean-François Jacques.
4:12 of 3rd period - Slapshot by Jake Gardiner.
4:12 of 3rd period - Stopped by Kevin Poulin with a rebound.
5:30 of 3rd period - Wrist shot by Jean-François Jacques.
5:30 of 3rd period - Shot Blocked by Jakub Voracek.
5:54 of 3rd period - Snap shot by Adam Pineault.
5:54 of 3rd period - Stopped by Anders Lindback without a rebound.
5:55 of 3rd period - Éric Perrin wins face-off versus Tyler Johnson in Sasquatch zone.
5:58 of 3rd period - Snap shot by Éric Perrin.
5:58 of 3rd period - Deflect By Mike Grier.
5:58 of 3rd period - Stopped by Anders Lindback without a rebound.
5:59 of 3rd period - Éric Perrin wins face-off versus Tyler Johnson in Sasquatch zone.
6:02 of 3rd period - Snap shot by Mike Grier.
6:02 of 3rd period - Shot Blocked by Matt Niskanen.
6:33 of 3rd period - Snap shot by Brandon Bochenski.
6:33 of 3rd period - Stopped by Kevin Poulin with a rebound.
6:45 of 3rd period - Adam McQuaid is hit by Matt Beleskey and loses puck.
6:52 of 3rd period - Snap shot by Matt Beleskey.
6:52 of 3rd period - Shot Misses the Net.
6:54 of 3rd period - Snap shot by Matt Beleskey.
6:54 of 3rd period - Stopped by Kevin Poulin with a rebound.
7:04 of 3rd period - Yann Sauvé is hit by Casey Cizikas and loses puck.
7:19 of 3rd period - Matt Donovan is hit by Philippe Paradis and loses puck.
7:37 of 3rd period - Mike Grier is hit by Matt Niskanen and loses puck.
8:46 of 3rd period - Keaton Ellerby is hit by Stephane Da Costa and loses puck.
15:28 of 3rd period - Erik Condra is hit by Kyle Clifford and loses puck.
16:01 of 3rd period - Mark Fraser is hit by Derek Stepan and loses puck.
16:46 of 3rd period - Éric Perrin is hit by Yann Sauvé and loses puck.
18:02 of 3rd period - Mike Grier is hit by Matt Beleskey and loses puck.
18:11 of 3rd period - Slapshot by Cam Atkinson.
18:11 of 3rd period - Shot Blocked by Mike Grier.
18:13 of 3rd period - Snap shot by Stephane Da Costa.
18:13 of 3rd period - Stopped by Kevin Poulin with a rebound.
19:05 of 3rd period - Mike Weber is hit by Brandon Bochenski and loses puck.
Goals for this period are 0 for Punishers vs 1 for Sasquatch.
Shots for this period are 4 for Punishers vs 10 for Sasquatch.

Overtime #1


0:01 of 1st overtime period - Adam Pineault wins face-off versus Derek Stepan in neutral zone.
0:12 of 1st overtime period - Wrist shot by Adam Pineault.
0:12 of 1st overtime period - Stopped by Anders Lindback without a rebound.
0:13 of 1st overtime period - Adam Pineault wins face-off versus Derek Stepan in Sasquatch zone.
1:25 of 1st overtime period - Keaton Ellerby is hit by Joe Corvo and loses puck.
2:36 of 1st overtime period - Derek Stepan is hit by Éric Perrin and loses puck.
2:46 of 1st overtime period - Off-side.
2:47 of 1st overtime period - Ryan O'Reilly wins face-off versus Casey Cizikas in neutral zone.
3:00 of 1st overtime period - Keith Yandle is hit by Casey Cizikas and loses puck.
3:08 of 1st overtime period - Icing by T.J. Oshie.
3:09 of 1st overtime period - Ryan O'Reilly wins face-off versus Adam Pineault in Sasquatch zone.
4:11 of 1st overtime period - Icing by Éric Perrin.
4:12 of 1st overtime period - Brandon Bochenski wins face-off versus Brandon McMillan in Punishers zone.
4:45 of 1st overtime period - Keaton Ellerby is hit by Ryan O'Reilly and loses puck.
Goals for this period are 0 for Punishers vs 0 for Sasquatch.
Shots for this period are 1 for Punishers vs 0 for Sasquatch.

ShootOut


5:00 of 1st overtime period - Penalty Shot by Mike Grier for Punishers.
5:00 of 1st overtime period - Snap shot by Mike Grier.
5:00 of 1st overtime period - Shot Misses the Net.
5:00 of 1st overtime period - Penalty Shot by Cam Atkinson for Sasquatch.
5:00 of 1st overtime period - Wrist shot by Cam Atkinson.
5:00 of 1st overtime period - Stopped by Kevin Poulin.
5:00 of 1st overtime period - Penalty Shot by Éric Perrin for Punishers.
5:00 of 1st overtime period - Deke by Éric Perrin.
5:00 of 1st overtime period - Stopped by Anders Lindback.
5:00 of 1st overtime period - Penalty Shot by Oskar Osala for Sasquatch.
5:00 of 1st overtime period - Snap shot by Oskar Osala.
5:00 of 1st overtime period - Stopped by Kevin Poulin.
5:00 of 1st overtime period - Penalty Shot by Erik Condra for Punishers.
5:00 of 1st overtime period - Backhand shot by Erik Condra.
5:00 of 1st overtime period - Shot Misses the Net.
5:00 of 1st overtime period - Penalty Shot by T.J. Oshie for Sasquatch.
5:00 of 1st overtime period - Deke by T.J. Oshie.
5:00 of 1st overtime period - Stopped by Kevin Poulin.
5:00 of 1st overtime period - Penalty Shot by Adam Pineault for Punishers.
5:00 of 1st overtime period - Snap shot by Adam Pineault.
5:00 of 1st overtime period - Stopped by Anders Lindback.
5:00 of 1st overtime period - Penalty Shot by Brandon Bochenski for Sasquatch.
5:00 of 1st overtime period - Deke by Brandon Bochenski.
5:00 of 1st overtime period - Shot Misses the Net.
5:00 of 1st overtime period - Penalty Shot by Radek Smolenak for Punishers.
5:00 of 1st overtime period - Snap shot by Radek Smolenak.
5:00 of 1st overtime period - Stopped by Anders Lindback.
5:00 of 1st overtime period - Penalty Shot by Jakub Voracek for Sasquatch.
5:00 of 1st overtime period - Wrist shot by Jakub Voracek.
5:00 of 1st overtime period - Shot Misses the Net.
5:00 of 1st overtime period - Penalty Shot by Mark Fraser for Punishers.
5:00 of 1st overtime period - Snap shot by Mark Fraser.
5:00 of 1st overtime period - Goal by Mark Fraser.
5:00 of 1st overtime period - Penalty Shot by Joe Corvo for Sasquatch.
5:00 of 1st overtime period - Deke by Joe Corvo.
5:00 of 1st overtime period - Shot Misses the Net.


Output by the SimonT Hockey Simulator (STHS) for François Prévost -- Original Page W3C XHTML 1.0 Valid
Hockey Simulator - Hockey Simulation - Hockey Manager